 Dungeon Crawl Stone Soup version 0.16-a0-922-gae79c9c (webtiles) character file.

1173 Jenx the Basher (level 8, -3/46 HPs)
             Began as a Gargoyle Fighter on Sept 30, 2014.
             Slain by an orc priest
             ... wielding a +0 trident
              (6 damage)
             ... on Level 6 of the Dungeon.
             The game lasted 00:17:22 (5338 turns).

Jenx the Basher (Gargoyle Fighter)                  Turns: 5338, Time: 00:17:22

HP  -3/46        AC 26     Str 20      XL: 8   Next: 41%
MP   8/8         EV  3     Int 10      God:
Gold 1           SH  9     Dex 10      Spells:  0 memorised,  7 levels left

rFire  . . .     SeeInvis .     a - +2 flail (protect)
rCold  . . .     Clarity  .     H - +0 plate armour
rNeg   + . .     rCorr    .     c - +0 shield
rPois  +         rRot     +     b - +1 helmet (curse)
rElec  +         Spirit   .     z - +0 cloak
SustAb .         Warding  .     B - +0 pair of gloves
rMut   .         Stasis   .     (no boots)
Gourm  .                        (no amulet)
MR     .....                    (no ring)
                                F - ring of flight

@: not resistant to hostile enchantments, extremely unstealthy
A: negative energy resistance 1, electricity resistance, unbreathing,
petrification resistance, rot immunity, AC +5
a: Evoke Flight


You were on level 6 of the Dungeon.
You were not hungry.

You visited 1 branch of the dungeon, and saw 6 of its levels.

You collected 204 gold pieces.
You spent 203 gold pieces at shops.

Inventory:

Hand weapons
 a - a +2 flail of protection (weapon)
Missiles
 y - 2 tomahawks (quivered)
Armour
 b - a cursed +1 helmet (worn)
 c - a +0 shield (worn)
 u - a +0 chain mail of fire resistance
 z - a +0 cloak (worn)
 B - a +0 pair of gloves (worn)
 H - a +0 plate armour (worn)
Magical devices
 l - a wand of slowing (12)
 G - a wand of frost (9)
 I - a wand of flame (0)
Comestibles
 d - 4 bread rations
 n - a slice of pizza
 C - 3 meat rations
 J - 3 rotting chunks of orc flesh
Scrolls
 f - a scroll of remove curse {unknown}
 h - 3 scrolls of magic mapping
 k - a scroll of fog
 m - a scroll of fear {unknown}
 p - 2 scrolls of blinking {unknown}
 r - 3 scrolls of teleportation
 w - a scroll of noise {unknown}
Jewellery
 e - an uncursed ring of regeneration
 g - an uncursed ring of ice
 A - a cursed amulet of rage
 F - a ring of flight (left hand)
Potions
 i - a potion of restore abilities
 j - a potion of flight {unknown}
 o - a potion of cancellation {unknown}
 q - a potion of poison {unknown}
 s - 2 potions of brilliance
 t - a potion of agility {unknown}
 v - a potion of curing
 D - a potion of heal wounds {unknown}


   Skills:
 - Level 3.2 Fighting
 * Level 9.8 Maces & Flails
 + Level 3.9 Armour
 - Level 3.2 Shields


You had 7 spell levels left.
You didn't know any spells.

Dungeon Overview and Level Annotations

Branches:
Dungeon (6/15)
 Temple: D:4-7

Altars:
Ashenzari
Cheibriados
Trog
Xom
The Shining One

Shops:
D:5 [   D:6 ?


Innate Abilities, Weirdness & Mutations

You are resistant to torment.
You are immune to poison.
Your stone body is very resilient (AC +5).
You resist negative energy.
You are resistant to electric shocks.
You can survive without breathing.
You are immune to petrification.
You are immune to rotting.


Message History

The hobgoblin is heavily wounded.
The hobgoblin hits you but does no damage.
The orc wizard's eyes start to glow.
The orc priest hits you but does no damage.
You thump the hobgoblin!
You kill the hobgoblin!
The orc priest prays to Beogh.
You feel a wave of unholy energy pass over you.
You block the orc priest's attack.
Items here: % ))) a club; a mace; a club; an orc corpse Your shield and plate armour prevent you from hitting the orc priest.
The orc priest invokes the aid of Beogh against you.
Something smites you!
* * * LOW HITPOINT WARNING * * *
You thump the orc priest!
The orc priest is almost dead.
The orc wizard becomes somewhat translucent.
The orc priest hits you with a trident.
You die...

#... #...##
#....#
#.#'####
#......#
#..(...#
#..o...#
.s...K.#o####
#..o..#@#
..... #.#
..o.( #.# o..
#.# . #(# ##
#.# #.
##(#### #.
#.(...# #.
#.....# #.


You could see an orc priest and an orc wizard.

Vanquished Creatures
  The ghost of SkaryMonk the Stinger, an average FoVM (D:6)
  Menkaure (D:5)
  An ogre (D:4)
  A centaur (D:5)
  A giant frog (D:5)
  2 scorpions
  3 wights (D:4)
  A crimson imp (D:5)
  A giant frog zombie (D:5)
  2 orc priests (D:5)
  An orc wizard (D:5)
  2 iguanas (D:4)
  A sky beast zombie (D:4)
  Ijyb (D:5)
  5 gnolls
  6 adders
  A shadow imp (D:6)
  A giant mite (D:3)
  2 worms
  An adder skeleton (D:4)
  3 giant geckos
  An ooze (D:1)
  14 orcs
  A ball python (D:1)
  9 goblins
  7 hobgoblins
  15 kobolds
  3 quokkas
  4 bats
  5 giant cockroaches
  3 giant newts
  2 jackals (D:1)
  A kobold skeleton (D:5)
  An orc skeleton (D:5)
  9 rats
  A rat skeleton (D:4)
114 creatures vanquished.

Notes
Turn   | Place    | Note
--------------------------------------------------------------
     0 | D:1      | Jenx, the Gargoyle Fighter, began the quest for the Orb.
     0 | D:1      | Reached XP level 1. HP: 14/14 MP: 1/1
   140 | D:1      | Reached XP level 2. HP: 14/19 MP: 2/2
   415 | D:1      | Reached XP level 3. HP: 18/23 MP: 3/3
  1288 | D:2      | Found a shattered altar of Ashenzari.
  1395 | D:2      | Found a snail-covered altar of Cheibriados.
  2242 | D:3      | Reached skill level 4 in Maces & Flails
  2250 | D:3      | Reached XP level 4. HP: 14/28 MP: 4/4
  2933 | D:4      | Reached skill level 5 in Maces & Flails
  2933 | D:4      | Reached XP level 5. HP: 8/32 MP: 5/5
  3105 | D:4      | Found a bloodstained altar of Trog.
  3411 | D:4      | Reached skill level 6 in Maces & Flails
  3411 | D:4      | Reached XP level 6. HP: 31/37 MP: 6/6
  3414 | D:4      | Noticed an ogre
  3421 | D:4      | Killed an ogre
  3595 | D:4      | Reached skill level 7 in Maces & Flails
  3751 | D:4      | Found a glowing golden altar of the Shining One.
  4057 | D:4      | Found a shimmering altar of Xom.
  4114 | D:4      | Reached XP level 7. HP: 41/41 MP: 7/7
  4165 | D:5      | Entered Level 5 of the Dungeon
  4288 | D:5      | Reached skill level 8 in Maces & Flails
  4423 | D:5      | Found Koiczah's Armour Boutique.
  4426 | D:5      | Bought a +1 helmet for 138 gold pieces
  4637 | D:5      | Noticed Ijyb
  4659 | D:5      | Killed Ijyb
  4848 | D:5      | Reached XP level 8. HP: 42/46 MP: 8/8
  4866 | D:5      | Found a glowing golden altar of the Shining One.
  4947 | D:5      | Noticed Menkaure
  4953 | D:5      | Reached skill level 9 in Maces & Flails
  4964 | D:5      | Killed Menkaure
  5166 | D:6      | Found Plog's Magic Scroll Shoppe.
  5173 | D:6      | Bought a scroll of teleportation for 39 gold pieces
  5173 | D:6      | Bought a scroll of identify for 26 gold pieces
  5232 | D:6      | Noticed SkaryMonk's ghost (average FoVM)
  5248 | D:6      | Killed SkaryMonk's ghost
  5338 | D:6      | Slain by an orc priest

Action                   |  1- 3 |  4- 6 |  7- 9 || total
-------------------------+-------+-------+-------++-------
Melee: Flail             |   130 |   143 |   208 ||   481
Throw: Tomahawk          |       |     6 |       ||     6
Evoke: Wand              |       |       |     9 ||     9
  Use: Scroll            |       |     6 |     2 ||     8
       Potion            |       |     2 |     3 ||     5
  Eat: Fruit             |     3 |       |       ||     3
       Chunk             |     2 |     4 |     4 ||    10
       Pizza             |       |     1 |       ||     1
       Beef jerky        |       |       |     1 ||     1
